AoeStats
← lord pingostini

Black Forest

504525356Analyzed
4v4 RM · 26d ago on Sep 5, 2026· 49m 30s· 8 players
Game mode
Random Map
Map size
Large (8 player)
Population
200
Speed
Normal
Resources
Standard
Victory
Conquest
Starting age
Dark Age
Ending age
Imperial Age
RankedLock teamsTeams togetherTeam positionsShared explorationLock speedFull tech treeHidden civsTurbo modeCheats
Victory
Defeat
🇹🇼 Poles · Taiwan
1133
+13
🇹🇼 Bohemians · Taiwan
1119
+14
🇫🇷 Cumans · France
1098
+42
🇹🇼 Italians · Taiwan
1008
+18
🇵🇪 Malay · Peru
1113
-17
🇭🇰 Britons · Hong Kong SAR China
1100
-16
🇧🇷 Persians · Brazil
1061
-15
🇵🇪 Inca · Peru
1003
-12
AGOFEM
1:22 Loom
12:50 Feudal Age
17:23 Castle Age
15:24 Horse Collar
15:53 Double-Bit Axe
17:43 Wheelbarrow
28:40 Scale Barding Armor
28:38 Caravan
28:35 Pikeman
29:44 Scale Mail Armor
29:55 Forging
29:57 Husbandry
30:42 Husbandry
braysonyt
0:27 Loom
13:44 Feudal Age
18:03 Castle Age
17:58 Horse Collar
18:27 Double-Bit Axe
30:21 Imperial Age
29:08 Forging
29:27 Bow Saw
29:30 Fletching
31:45 Chemistry
31:45 Iron Casting
31:57 Scale Barding Armor
32:35 Heavy Plow
33:58 Blast Furnace
33:40 Bodkin Arrow
34:33 Husbandry
34:49 Elite Battle Elephant
35:37 Bracer
35:42 Gold Mining
36:50 Town Watch
37:42 Wheelbarrow
37:41 Crop Rotation
37:53 Light Cavalry
41:01 Crossbowman
41:47 Thumb Ring
42:30 Masonry
42:54 Ballistics
41:59 Arbalester
46:02 Padded Archer Armor
45:24 Elite Skirmisher
lord pingostini
11:48 Feudal Age
15:09 Double-Bit Axe
17:31 Castle Age
16:24 Gold Mining
20:41 Bow Saw
26:17 Horse Collar
30:26 Imperial Age
28:53 Forging
29:40 Wheelbarrow
29:33 Squires
35:26 Pikeman
37:29 Scale Mail Armor
38:05 Iron Casting
40:17 Halberdier
44:30 Chain Mail Armor
45:15 Blast Furnace
46:37 Champi Runner
B仔
11:07 Feudal Age
16:12 Castle Age
15:02 Double-Bit Axe
14:58 Horse Collar
17:03 Stone Mining
18:04 Heavy Plow
18:16 Bow Saw
25:47 Wheelbarrow
29:47 Imperial Age
33:29 Imperial Age
37:04 Fletching
37:15 Padded Archer Armor
38:45 Ballistics
39:25 Chemistry
38:23 Bodkin Arrow
38:44 Leather Archer Armor
39:47 Bracer
40:02 Leather Archer Armor
40:41 Gold Mining
42:58 Leather Archer Armor
SokaR
6:05 Loom
9:29 Feudal Age
10:05 Double-Bit Axe
10:03 Horse Collar
22:37 Castle Age
21:01 Scale Barding Armor
22:15 Forging
23:45 Bow Saw
23:59 Chain Barding Armor
24:15 Iron Casting
23:26 Capped Ram
24:12 Gold Mining
24:54 Bloodlines
25:33 Gold Shaft Mining
26:09 Wheelbarrow
38:07 Imperial Age
38:37 Heavy Plow
39:27 Plate Barding Armor
39:53 Blast Furnace
38:20 Cavalier
38:48 Siege Ram
40:15 Hand Cart
39:56 Stone Mining
39:51 Paladin
46:47 Crop Rotation
46:29 Scale Mail Armor
46:18 Arson
46:33 Squires
45:53 Pikeman
47:30 Chain Mail Armor
47:06 Fletching
47:57 Halberdier
49:45 Plate Mail Armor
49:11 Bodkin Arrow
b556672
1:34 Loom
12:47 Feudal Age
18:05 Castle Age
16:51 Double-Bit Axe
16:49 Horse Collar
22:49 Wheelbarrow
23:27 Fishing Lines
23:51 Heavy Plow
24:37 Bow Saw
25:00 Gold Mining
25:00 Stone Mining
26:40 Hand Cart
27:14 Clinker Construction
31:46 Imperial Age
28:39 Light Cavalry
29:30 Bloodlines
29:20 Husbandry
29:28 Scale Barding Armor
29:33 Forging
29:23 Scale Mail Armor
29:14 Fletching
29:24 Padded Archer Armor
31:39 Forging
32:16 Squires
32:01 Arson
33:14 Ballistics
34:06 Lechitic Legacy
34:14 Chain Barding Armor
34:47 Winged Hussar
38:20 Chemistry
37:40 Town Watch
39:24 Iron Casting
39:04 Chain Mail Armor
39:16 Conscription
42:44 Blast Furnace
42:14 Plate Mail Armor
43:56 Elite Obuch
46:48 Crop Rotation
50:12 Plate Mail Armor
阿一一一
1:16 Loom
12:32 Feudal Age
13:28 Double-Bit Axe
18:23 Castle Age
16:35 Fishing Lines
19:30 Bow Saw
19:18 Gillnets
21:46 Wheelbarrow
25:01 Horse Collar
25:52 Heavy Plow
31:57 Imperial Age
29:54 Hand Cart
29:44 Town Watch
31:34 Fletching
32:08 Ballistics
32:12 Bodkin Arrow
32:18 Padded Archer Armor
32:34 Gold Mining
34:09 Chemistry
35:44 Masonry
35:16 Treadmill Crane
35:47 Fortified Wall
36:33 Elite Genoese Crossbowman
37:24 Bracer
37:39 Leather Archer Armor
37:47 Conscription
42:21 Architecture
43:22 Ring Archer Armor
45:06 Silk Road
46:13 Two-Man Saw
45:44 Thumb Ring
47:53 Elite Skirmisher
50:11 Pirotechnia
xenyu0216
0:37 Loom
14:56 Feudal Age
20:24 Castle Age
19:04 Double-Bit Axe
28:32 Bow Saw
30:44 Horse Collar
33:44 Imperial Age
34:35 Wheelbarrow
33:45 Town Watch
37:25 Conscription
37:41 Hussite Reforms
39:51 Chemistry
41:00 Two-Man Saw
39:31 Elite Hussite Wagon
40:36 Sanctity
40:49 Fervor
41:08 Illumination
41:00 Block Printing
41:22 Theocracy
47:15 Houfnice
Connection lost

Rejoining the realm…

Still unreachable

The connection could not be restored.

Session expired

The server has moved on; the page needs a fresh start.